 Dungeon Crawl Stone Soup version 0.28-a0-1485-g077359a4bf (webtiles) character file.

Game seed: 15095815476614867412

64 kae the Changer (level 3, -11/28 HPs)
             Began as a Draconian Transmuter on Jan 11, 2022.
             Mangled by Terence (12 damage)
             ... on level 2 of the Dungeon.
             The game lasted 00:01:06 (2088 turns).

kae the Changer (Draconian Transmuter)              Turns: 2088, Time: 00:01:06

Health: -11/28     AC:  7    Str: 12    XL:     3   Next: 91%
Magic:  7/7        EV: 12    Int: 15    God:
Gold:   126        SH:  0    Dex: 11    Spells: 3/7 levels left

rFire   . . .      SeeInvis .     - Unarmed
rCold   . . .      Faith    .   (no shield)
rNeg    . . .      Spirit   .   (armour unavailable)
rPois   .          Reflect  .   e - +2 hat
rElec   .          Harm     .   (no cloak)
rCorr   .          Rampage  .   (no gloves)
Will    .....                   (no boots)
Stlth   +.........              (no amulet)
HPRegen 0.09/turn               (no ring)
MPRegen 0.10/turn               (no ring)

@: lethally poisoned (-11 -> -18)
A: AC +5, unfitting armour, cold-blooded
a: no special abilities


You were on level 2 of the Dungeon.
You visited 1 branch of the dungeon, and saw 2 of its levels.

You collected 126 gold pieces.

Inventory:

Armour
 e - a +2 hat (worn)
Jewellery
 c - a ring of positive energy
Scrolls
 b - a scroll of amnesia {unknown}


   Skills:
 - Level 1.1 Fighting
 - Level 1.7 Dodging
 - Level 3.0 Unarmed Combat
 + Level 2.7 Spellcasting
 * Level 3.4 Transmutations
 - Level 1.0 Poison Magic


You had 3 spell levels left.
You knew the following spells:

 Your Spells              Type           Power      Damage    Failure   Level
a - Beastly Appendage     Tmut           24%        N/A       4%          1
b - Spider Form           Tmut/Pois      8%         N/A       24%         3

Your spell library contained the following spells:

 Spells                   Type           Power      Damage    Failure   Level
 Wereblood                Tmut           12%        N/A       8%          2
 Ice Form                 Ice/Tmut       7%         N/A       69%         4


Dungeon Overview and Level Annotations

Branches:
Dungeon (2/15)

Altars:

Shops:
D:1 (

Annotations:
D:2 Terence


Innate Abilities, Weirdness & Mutations

Your plain brown scales are hard. (AC +5)
You cannot fit into any form of body armour.
You are cold-blooded and may be slowed by cold attacks.


Message History

Terence closely misses you.
Terence is nearby!
You are too injured to fight recklessly!
You are too injured to fight recklessly!
You are too injured to fight recklessly!
You are too injured to fight recklessly!
It was a potion of haste.
You feel yourself speed up.
You feel sick.
Terence drinks a potion.
Terence goes berserk!
You feel sick.
You feel sick.
You feel sick. Terence closely misses you.
Terence rages.
You feel sick.
Your transformation is almost over.
You feel sick.
Terence rages.
There is an open door here.
You feel sick.
You feel sick.
You are no longer poisoned.
Terence rages.
Terence rages.
Terence hits you with a +3 mace of venom.
* * * LOW HITPOINT WARNING * * *
You are lethally poisoned!
* * * LOW HITPOINT WARNING * * *
You feel sick.
* * * LOW HITPOINT WARNING * * *
You feel sick.
Okay, then.
Okay, then.
Your magical effects are unravelling.
You feel magically purged.
Your horns disappear.
Your talons disappear.
Your +2 hat unmelds from your body.
You feel yourself slow down.
* * * LOW HITPOINT WARNING * * *
You feel sick.
Terence hits you with a +3 mace of venom!
You die...

##### ....# ###.#
########## #.#
#........# #.#
#.######.# #.# #.# #.#
#.# ##############.#
#.#
##.###........@@....#
#.#
##...##'###########.##
#.# ......#.#.. #.#
#.# ##...##.#.#
#######.## #.#
##...#.#.# #........#
#(# #######.#.#
#........######.# ...#
#...#
#######.........# ##.#
##### ........######.#
#.# ######.## #.#


You could see Terence (berserk).

Vanquished Creatures
  3 adders (D:2)
  A worm (D:2)
  2 dart slugs
  5 bats (D:1)
  2 endoplasms (D:1)
  5 goblins
  3 hobgoblins
  3 ball pythons (D:1)
  2 frilled lizards (D:1)
  3 kobolds (D:1)
  3 rats (D:1)
32 creatures vanquished.

Notes
Turn   | Place    | Note
-------+----------+-------------------------------------------
     0 | D:1      | kae the Draconian Transmuter began the quest for the Orb.
     0 | D:1      | Reached XP level 1. HP: 16/16 MP: 3/3
   127 | D:1      | Found Ycerphihi's Antique Weapon Shop.
   166 | D:1      | Reached XP level 2. HP: 23/23 MP: 3/5
  1269 | D:2      | Reached XP level 3. HP: 21/28 MP: 4/6
  1273 | D:2      | Learned a level 3 spell: Spider Form
  1799 | D:2      | Found a faded altar of an unknown god.
  1856 | D:2      | Reached skill level 1 in Poison Magic
  2064 | D:2      | Noticed Terence
  2088 | D:2      | HP: 1/28 [poisoned by Terence]
  2088 | D:2      | Mangled by Terence

Illustrated notes

Levels and vault maps discovered:
D:1:      wander_arrival_abandoned_jail, layout_basic, serial_shops,
          nicolae_shop_hallway_stairs, minmay_crystal_room
D:2:      layout_loops_ring, ebering_ecumenical_altar_petrified,
          roderic_serpentine_path, serial_bayou_pond_e, uniq_terence

Skill      XL: |  1  2  3 |
---------------+----------+-----
Transmutations | 3 |  3.4
Poison Magic   | 1 |  1.0
Fighting       | |  1.1
Dodging        | |  1.7
Unarmed Combat | |  3.0
Spellcasting   | |  2.7

Action                   || total
-------------------------++-------
Melee: Unarmed           ||    84
       Kick              ||    23
       Headbutt          ||     4
       Tailslap          ||     5
 Cast: Beastly Appendage ||    24
  Use: Scroll            ||     2
       Potion            ||     2
Armor: Skin              ||    26
Dodge: Dodged            ||    61

Table legend: (Time is in decaauts)
 A = Elapsed time spent in this place.
 B = Non-inter-level travel time spent in this place.
 C = Inter-level travel time spent in this place.
 D = Time resting spent in this place.
 E = Time spent auto-exploring this place.
 F = Levels seen in this place.
 G = Mean time per level.
                   A        B        C        D        E       F      G
               +--------+--------+--------+--------+--------+-----+--------+
         Total |   2083 |   2077 |      6 |      0 |   1807 |   2 | 1041.5 |
       Dungeon |   2083 |   2077 |      6 |      0 |   1807 |   2 | 1041.5 |
               +--------+--------+--------+--------+--------+-----+--------+

Top non-repeatable levels by time:
     D:1: 1211 daAuts
     D:2: 871 daAuts
